 Dungeon Crawl Stone Soup version 0.21.1-1-g345015fe64 (webtiles) character file.

371 Delanovic the Ducker (level 6, -2/47 HPs)
             Began as a Gnoll Wanderer on May 1, 2018.
             Slain by Grinder (4 damage)
             ... while paralysed by Grinder
             ... on level 4 of the Dungeon.
             The game lasted 00:11:41 (4192 turns).

Delanovic the Ducker (Gnoll Wanderer)               Turns: 4192, Time: 00:11:41

Health: -2/47      AC:  5    Str: 13    XL:     6   Next: 71%
Magic:  9/9        EV:  2    Int: 21    God:
Gold:   147        SH:  0    Dex: 16    Spells: 9/9 levels left

rFire    . . .     SeeInvis .   a - +0 short sword
rCold    . . .     Gourm    .   (no shield)
rNeg     . . .     Faith    .   c - +2 leather armour
rPois    .         Spirit   .   (no helmet)
rElec    .         Reflect  .   (no cloak)
rCorr    .         Harm     .   (no gloves)
MR       .....     Rnd*Tele +   (no boots)
Stlth    +++.......             (no amulet)
HPRegen  0.15/turn              t - ring of teleportation (curse)
MPRegen  0.11/turn              (no ring)

@: paralysed, brilliant, berserk cooldown
A: distributed training, fangs 1, strong nose
a: no special abilities


You were on level 4 of the Dungeon.
You were very hungry.

You visited 1 branch of the dungeon, and saw 4 of its levels.

You collected 147 gold pieces.

Inventory:

Hand Weapons
 a - a +0 short sword (weapon)
 b - a +1 shortbow
 e - a +0 dagger
Missiles
 d - 42 arrows
 u - 3 tomahawks (quivered)
Armour
 c - a +2 leather armour (worn)
Jewellery
 t - a cursed ring of teleportation (left hand)
Scrolls
 h - 2 scrolls of identify
 i - a scroll of remove curse
 m - a scroll of magic mapping
 p - a scroll of amnesia
Potions
 j - a potion of degeneration
Books
 s - a book of Cantrips

   Spells                             Type                      Level
   a - Confusing Touch                Hexes                        1
   b - Animate Skeleton               Necromancy                   1
   c - Summon Small Mammal            Summoning                    1
   d - Apportation                    Translocation                1
Comestibles
 f - 9 rations


   Skills:
 + Level 3.3 Fighting
 + Level 2.0 Short Blades
 + Level 2.0 Long Blades
 + Level 2.0 Axes
 + Level 2.0 Maces & Flails
 + Level 2.0 Polearms
 + Level 2.0 Staves
 + Level 2.0 Slings
 + Level 5.0 Bows
 + Level 2.0 Crossbows
 + Level 2.0 Throwing
 + Level 3.3 Armour
 + Level 5.0 Dodging
 + Level 4.6 Stealth
 + Level 3.3 Shields
 + Level 2.0 Unarmed Combat
 + Level 2.0 Spellcasting
 + Level 1.6 Conjurations
 + Level 1.6 Hexes
 + Level 1.6 Charms
 + Level 1.6 Summonings
 + Level 1.6 Necromancy
 + Level 1.6 Translocations
 + Level 1.6 Transmutations
 + Level 1.6 Fire Magic
 + Level 1.6 Ice Magic
 + Level 1.6 Air Magic
 + Level 1.6 Earth Magic
 + Level 1.6 Poison Magic
 + Level 2.2 Invocations
 + Level 3.3 Evocations


You had 9 spell levels left.
You didn't know any spells.

Dungeon Overview and Level Annotations

Branches:
Dungeon (4/15)
 Temple: D:4-7

Altars:

Annotations:
D:4 Grinder


Innate Abilities, Weirdness & Mutations

Your experience applies equally to all skills.
You have very sharp teeth.
Your uncanny sense of smell can sniff out nearby items.


Message History

You hit Grinder but do no damage.
Grinder is moderately wounded.
Grinder hits you but does no damage.
You barely miss Grinder.
Grinder is moderately wounded.
Grinder hits you.
* * * LOW HITPOINT WARNING * * *
Grinder hits you but does no damage.
You hit Grinder but do no damage.
Grinder is moderately wounded.
Grinder hits you but does no damage.
You barely miss Grinder.
Grinder is moderately wounded.
You feel yourself speed up. Grinder gestures at you.
You suddenly lose the ability to move!
Grinder hits you but does no damage.
You feel less wooden.
Your +2 leather armour unmelds from your body.
Grinder hits you.
You die...

###..## .....
#.. .... ∆ #..
#..# #.. # #..#
#.. #. #..# #..
###..##..# ##..
........5#
..##...
.....##@#<.....
..(((.. ###.
#.#.###.#
..##... # .....
##.# #.#####
... #. ### ..
#. #.


You could see Grinder.

Vanquished Creatures
  2 ogres (D:3)
  Jessica (D:2)
  Natasha (D:3)
  4 gnolls
  4 adders
  An ooze (D:1)
  An adder skeleton (D:4)
  A worm (D:3)
  A dart slug (D:2)
  2 orcs
  6 giant cockroaches
  6 goblins
  5 hobgoblins
  9 jackals
  4 kobolds
  A quokka (D:3)
  2 ball pythons
  11 bats
  7 frilled lizards
  8 rats
77 creatures vanquished.

Notes
Turn   | Place    | Note
-------+----------+-------------------------------------------
     0 | D:1      | Delanovic the Gnoll Wanderer began the quest for the Orb.
     0 | D:1      | Delanovic set off with: a +2 leather armour, a +0 short sword, a +0 shortbow, 24 arrows, a +0 dagger, a ration
     0 | D:1      | Reached XP level 1. HP: 17/17 MP: 2/2
    97 | D:1      | Reached XP level 2. HP: 18/23 MP: 3/3
   521 | D:1      | Reached XP level 3. HP: 28/28 MP: 4/4
  1054 | D:1      | You fall through a shaft!
  1262 | D:2      | Reached skill level 1 in Invocations
  1526 | D:2      | Noticed Jessica
  1528 | D:2      | Killed Jessica
  1528 | D:2      | Reached skill level 1 in Short Blades
  1528 | D:2      | Reached skill level 1 in Long Blades
  1528 | D:2      | Reached skill level 1 in Axes
  1528 | D:2      | Reached skill level 1 in Maces & Flails
  1528 | D:2      | Reached skill level 1 in Polearms
  1528 | D:2      | Reached skill level 1 in Staves
  1528 | D:2      | Reached skill level 1 in Slings
  1528 | D:2      | Reached skill level 1 in Crossbows
  1528 | D:2      | Reached skill level 1 in Throwing
  1528 | D:2      | Reached skill level 1 in Unarmed Combat
  1528 | D:2      | Reached skill level 1 in Spellcasting
  1528 | D:2      | Reached XP level 4. HP: 34/34 MP: 4/6
  1730 | D:2      | Reached skill level 1 in Conjurations
  1730 | D:2      | Reached skill level 1 in Hexes
  1730 | D:2      | Reached skill level 1 in Charms
  1730 | D:2      | Reached skill level 1 in Summonings
  1730 | D:2      | Reached skill level 1 in Necromancy
  1730 | D:2      | Reached skill level 1 in Translocations
  1730 | D:2      | Reached skill level 1 in Transmutations
  1730 | D:2      | Reached skill level 1 in Fire Magic
  1730 | D:2      | Reached skill level 1 in Ice Magic
  1730 | D:2      | Reached skill level 1 in Air Magic
  1730 | D:2      | Reached skill level 1 in Earth Magic
  1730 | D:2      | Reached skill level 1 in Poison Magic
  2102 | D:2      | Reached XP level 5. HP: 37/40 MP: 7/7
  2607 | D:3      | Noticed an ogre
  2617 | D:3      | Killed an ogre
  2808 | D:3      | Reached XP level 6. HP: 46/47 MP: 8/8
  3185 | D:3      | Reached skill level 5 in Bows
  3185 | D:3      | Reached skill level 5 in Dodging
  3262 | D:3      | Noticed Natasha
  3290 | D:3      | Killed Natasha
  3837 | D:4      | Noticed an ice beast
  3844 | D:4      | Noticed Grinder
  4170 | D:4      | HP: 2/70 [Grinder (8)]
  4179 | D:4      | HP: 3/70 [Grinder (6)]
  4189 | D:4      | HP: 3/70 [Grinder (3)]
  4191 | D:4      | Paralysed by Grinder for 3 turns
  4192 | D:4      | Slain by Grinder

Skill      XL: |  1  2  3  4  5  6 |
---------------+-------------------+-----
Invocations    | 1 2 |  2.2
Short Blades   | 1 2 |  2.0
Long Blades    | 1 2 |  2.0
Axes           | 1 2 |  2.0
Maces & Flails | 1 2 |  2.0
Polearms       | 1 2 |  2.0
Staves         | 1 2 |  2.0
Slings         | 1 2 |  2.0
Crossbows      | 1 2 |  2.0
Throwing       | 1 2 |  2.0
Unarmed Combat | 1 2 |  2.0
Spellcasting   | 1 2 |  2.0
Conjurations   | 1 |  1.6
Hexes          | 1 |  1.6
Charms         | 1 |  1.6
Summonings     | 1 |  1.6
Necromancy     | 1 |  1.6
Translocations | 1 |  1.6
Transmutations | 1 |  1.6
Fire Magic     | 1 |  1.6
Ice Magic      | 1 |  1.6
Air Magic      | 1 |  1.6
Earth Magic    | 1 |  1.6
Poison Magic   | 1 |  1.6
Fighting       | 3 |  3.3
Armour         | 3 |  3.3
Shields        | 3 |  3.3
Evocations     | 3 |  3.3
Bows           | 5 |  5.0
Dodging        | 5 |  5.0
Stealth        | |  4.6

Action                   |  1- 3 |  4- 6 || total
-------------------------+-------+-------++-------
Melee: Short sword       |    47 |    87 ||   134
       Bite              |    12 |     6 ||    18
       Spear             |    55 |       ||    55
       Punch             |       |     2 ||     2
 Fire: Shortbow          |     2 |   175 ||   177
  Use: Scroll            |     6 |     3 ||     9
       Potion            |       |     7 ||     7
 Stab: Sleeping          |     7 |       ||     7
       Distracted        |     1 |       ||     1
  Eat: Chunk             |     2 |     7 ||     9
Armor: Leather armour    |    22 |    21 ||    43
       Skin              |       |    13 ||    13
Dodge: Dodged            |    48 |   108 ||   156
